 Dungeon Crawl Stone Soup version 0.28.0-43-g3370ac3207 (webtiles) character file.

Game seed: 15628634223223822729

84 protoss039 the Firebug (level 4, -3/24 HPs)
             Began as a Deep Elf Fire Elementalist on Mar 4, 2022.
             Slain by a bullfrog (8 damage)
             ... on level 3 of the Dungeon.
             The game lasted 00:05:43 (2998 turns).

protoss039 the Firebug (Deep Elf Fire Elementalist) Turns: 2998, Time: 00:05:44

Health: -3/24      AC:  3    Str:  5    XL:     4   Next: 24%
Magic:  4/12       EV: 12    Int: 22    God:
Gold:   66         SH:  0    Dex: 15    Spells: 5/11 levels left

rFire   + . .      SeeInvis .   b - +1 dagger (protect)
rCold   . . .      Faith    .   (no shield)
rNeg    . . .      Spirit   .   a - +0 robe
rPois   .          Reflect  .   i - +0 helmet
rElec   .          Harm     .   (no cloak)
rCorr   .          Rampage  .   (no gloves)
Will    .....                   (no boots)
Stlth   ++........              (no amulet)
HPRegen 0.08/turn               e - ring of protection from fire
MPRegen 0.13/turn               (no ring)

@: no status effects
A: no striking features
a: no special abilities


You were on level 3 of the Dungeon.
You visited 1 branch of the dungeon, and saw 3 of its levels.

You collected 66 gold pieces.

Inventory:

Hand Weapons
 b - a +1 dagger of protection (weapon)
Armour
 a - a +0 robe (worn)
 i - a +0 helmet (worn)
 j - a +1 pair of gloves of dexterity
Jewellery
 e - a ring of protection from fire (left hand)
Scrolls
 d - a scroll of identify {unknown}
 g - 2 scrolls of noise {unknown}
 k - a scroll of enchant armour {unknown}
Potions
 c - a potion of mutation {unknown}
 f - a potion of attraction {unknown}
 h - 2 potions of flight {unknown}


   Skills:
 - Level 2.4 Dodging
 - Level 2.4 Stealth
 + Level 4.3 Spellcasting
 + Level 2.0 Conjurations
 + Level 4.5 Fire Magic


You had 5 spell levels left.
You knew the following spells:

 Your Spells              Type           Power      Damage    Failure   Level
a - Foxfire               Conj/Fire      76%        2x1d7     2%          1
b - Scorch                Fire           50%        2d8       2%          2
c - Conjure Flame         Conj/Fire      19%        6-21      9%          3

Your spell library contained the following spells:

 Spells                   Type           Power      Damage    Failure   Level
 Inner Flame              Hex/Fire       14%        N/A       13%         3
 Ignite Poison            Fire/Tmut/Pois 11%        N/A       17%         3
 Mephitic Cloud           Conj/Pois/Air  7%         N/A       24%         3
 Flame Wave               Conj/Fire      19%        2d6       28%         4
 Freezing Cloud           Conj/Ice/Air   3%         6-21      92%         5


Dungeon Overview and Level Annotations

Branches:
Dungeon (3/15)

Altars:
Okawaru
Zin
The Shining One

Shops:
D:2 =


Message History

Flames lash the frilled lizard.
You kill the frilled lizard!
You hear an angry hiss.
You hear a loud, deep croak!
The bat closely misses you.
A bullfrog comes into view.
Unknown command.
Casting: Scorch (safe; 2% risk of failure)
Confirm with . or Enter, or press ? or * to list all spells.
Flames lash the bullfrog.
The bullfrog is lightly wounded.
The bullfrog's fire resistance burns away.
You hear an angry hiss.
The bat hits you. The bat hits you but does no damage.
Unknown command.
Casting: Scorch (safe; 2% risk of failure)
Confirm with . or Enter, or press ? or * to list all spells.
Flames lash the bat.
You kill the bat!
A ball python comes into view.
The bullfrog hits you.
Unknown command.
Unknown command.
Casting: Scorch (safe; 2% risk of failure)
Confirm with . or Enter, or press ? or * to list all spells.
Flames lash the ball python.
You kill the ball python!
The bullfrog hits you!
Unknown command.
Unknown command.
The bullfrog is no longer more vulnerable to fire.
A ball python comes into view.
The bullfrog hits you.
* * * LOW HITPOINT WARNING * * *
The bullfrog closely misses you.
Casting: Scorch (safe; 2% risk of failure)
Confirm with . or Enter, or press ? or * to list all spells.
You conjure some foxfire!
The bullfrog hits you.
* * * LOW HITPOINT WARNING * * *
The bullfrog hits you!
You die...

#.#.##..###
###.####....( #.#...#
#...##..... #...###
###.##..... ##..#$.S
†.$#.##..†..
#..###.###.# #........
##...#.....#....#.....
##..###.# #..#.#.....
##.v.#.#.........###
#.@F#.#.###...###
#.v.S.......###
#.#.#.#####.# #.:.....
.. #....#### #...##
#.#.. ..... ......


You could see a bullfrog (ally target) and a ball python.

Vanquished Creatures
  An adder (D:3)
  An adder skeleton (D:2)
  5 dart slugs
  An orc (D:3)
  7 ball pythons
  7 bats
  5 endoplasms
  2 giant cockroaches
  4 goblins
  3 hobgoblins
  3 jackals (D:1)
  3 quokkas
  2 frilled lizards
  5 kobolds
  9 rats
58 creatures vanquished.

Vanquished Creatures (others)
  188 foxfires
188 creatures vanquished.

Grand Total: 246 creatures vanquished

Notes
Turn   | Place    | Note
-------+----------+-------------------------------------------
     0 | D:1      | protoss039 the Deep Elf Fire Elementalist began the quest
                  | for the Orb.
     0 | D:1      | Reached XP level 1. HP: 10/10 MP: 6/6
   549 | D:1      | Reached XP level 2. HP: 15/15 MP: 8/8
  1513 | D:1      | Reached XP level 3. HP: 19/19 MP: 3/10
  1856 | D:1      | Learned a level 2 spell: Scorch
  1929 | D:2      | Found Akigruff's Jewellery Shoppe.
  2285 | D:2      | Found a glowing silver altar of Zin.
  2657 | D:2      | Learned a level 3 spell: Conjure Flame
  2751 | D:3      | Found an iron altar of Okawaru.
  2789 | D:3      | Found a glowing golden altar of the Shining One.
  2820 | D:3      | Reached XP level 4. HP: 24/24 MP: 7/12
  2989 | D:3      | Noticed a bullfrog
  2998 | D:3      | Slain by a bullfrog

Illustrated notes

Levels and vault maps discovered:
D:1:      saegor_arrival_simple_d, layout_basic, minivault_19,
          minmay_misc_feat_pillars, minmay_misc_feat_doors
D:2:      layout_rooms, basic_altar, serial_shops,
          nicolae_shop_advertising_works [nicolae_subvault_shop_adworks]
D:3:      layout_rooms, grunt_temple_overflow_open,
          hangedman_abyss_or_decor_stabs, minmay_quantized

Skill      XL: |  1  2  3 |
---------------+----------+-----
Fire Magic     | 4 |  4.5
Spellcasting   | 4 |  4.3
Conjurations   | 2 |  2.0
Dodging        | |  2.4
Stealth        | |  2.4

Action                   |  1- 3 |  4- 6 || total
-------------------------+-------+-------++-------
Melee: Dagger            |    19 |       ||    19
 Cast: Foxfire           |   103 |     1 ||   104
       Scorch            |    12 |     9 ||    21
 Stab: Sleeping          |     5 |       ||     5
Armor: Robe              |     6 |     1 ||     7
Dodge: Dodged            |    21 |     6 ||    27
